Map: 宿怨战场-天梯版

Players

Harstem - Winner!

  • Race: Protoss Protoss

ShoWTimE

  • Race: Protoss Protoss

Event: WESG 2018 Grand Finals

VOD

Have the link to the VOD?

Description

Time

  • Played on: March 11, 2019, 3:48 a.m.
  • Length: 16:52

All games in this series

Show
View Real Time Build Order
Export as new Build Order

Harstem Protoss - Winner!

Build Orders:  

Get SALT Encoding   

  12  0:00  Probe  
  13  0:12  Probe  
  14  0:17  Pylon  
  14  0:24  Probe  
  15  0:32  Probe  
  15  0:37  Gateway  
  15  0:40  Probe  
  16  0:49  Assimilator  
  17  0:50  Probe  
  17  0:55  Assimilator  
  18  0:58  Probe  
  19  1:07  Probe, Gateway  
  20  1:17  Probe  
  20  1:24  Cybernetics Core  
  21  1:29  Probe  
  22  1:33  Pylon  
  22  1:42  Probe  
  23  1:52  Warp Gate  
  23  1:54  Probe  
  24  2:02  Stalker, Sentry  
  28  2:12  Pylon  
  28  2:28  Sentry  
  30  2:40  Nexus, Sentry  
  32  2:49  Probe  
  33  2:54  Stalker  
  35  3:05  Shield Battery  
  35  3:07  Stalker  
  35  3:11  Probe  
  38  3:13  Pylon  
  38  3:23  Probe  
  39  3:28  Shield Battery  
  39  3:31  Pylon  
  39  3:35  Probe  
  40  3:43  Shield Battery  
  40  3:45  Adept x2  
  40  3:47  Probe  
  45  3:53  Probe  
  46  3:59  Probe  
  47  4:06  Probe  
  47  4:07  Stalker  
  47  4:08  Stalker  
  52  4:13  Probe  
  48  4:18  Probe  
  47  4:25  Probe  
  47  4:29  Probe  
  47  4:31  Stalker  
  51  4:33  Sentry  
  51  4:34  Probe  
  51  4:38  Stalker x2, Probe  
  52  4:43  Probe  
  51  4:46  Probe  
  51  4:51  Probe  
  53  4:57  Stalker  
  53  4:59  Stalker  
  56  5:11  Probe  
  56  5:13  Probe  
  48  5:23  Probe  
  48  5:24  Adept x2  
  48  5:25  Probe  
  48  5:35  Probe  
  48  5:37  Probe  
  48  5:44  Probe, Forge  
  48  5:45  Probe  
  48  5:48  Sentry x2  
  52  5:53  Shield Battery  
  52  5:54  Probe  
  52  5:55  Probe  
  52  5:59  Pylon  
  52  6:03  Assimilator  
  54  6:05  Probe  
  54  6:07  Protoss Ground Weapons Level 1  
  54  6:08  Assimilator  
  54  6:11  Pylon, Probe  
  54  6:17  Probe  
  54  6:19  Stalker  
  54  6:23  Stalker  
  54  6:25  Probe  
  59  6:31  Probe  
  60  6:33  Robotics Facility  
  60  6:40  Twilight Council  
  60  6:47  Probe  
  60  6:48  Probe  
  62  7:00  Gateway  
  62  7:01  Gateway  
  62  7:03  Gateway  
  62  7:06  Charge  
  61  7:10  Probe  
  61  7:11  Immortal  
  62  7:20  Zealot x2  
  68  7:23  Templar Archives  
  68  7:24  Probe  
  68  7:25  Probe  
  68  7:37  Probe  
  69  7:38  Templar Archives  
  69  7:40  Immortal  
  69  7:42  Protoss Ground Weapons Level 2  
  70  7:49  Probe  
  72  7:54  Pylon  
  72  7:57  Gateway  
  71  7:59  Gateway  
  71  8:02  High Templar x2  
  75  8:19  Warp Prism  
  77  8:28  Archon  
  77  8:29  Zealot x3  
  77  8:31  Pylon  
  83  8:44  Pylon  
  83  8:47  High Templar  
  85  8:50  High Templar, Zealot x3, Pylon  
  85  8:54  Pylon, Archon  
  93  9:08  High Templar x2  
  97  9:10  Zealot  
  97  9:11  Zealot  
  97  9:12  Zealot, Archon  
  103  9:21  Shield Battery, Zealot  
  103  9:23  Zealot  
  106  9:31  Pylon  
  106  9:41  High Templar x2  
  110  9:47  Archon  
  110  9:52  Zealot x3  
  110  9:53  Zealot  
  110  9:56  Pylon  
  110  9:59  Pylon  
  116  10:09  Pylon  
  116  10:14  High Templar  
  116  10:15  High Templar, Zealot x3  
  126  10:21  Archon  
  126  10:25  Zealot x2  
  130  10:42  High Templar x2, Zealot  
  136  10:46  Archon  
  136  10:51  Zealot x3  
  136  10:56  Pylon  
  138  11:05  Pylon  
  138  11:07  Protoss Ground Weapons Level 3  
  138  11:08  High Templar  
  138  11:09  High Templar  
  142  11:12  Archon  
  142  11:17  Zealot x3  
  148  11:37  High Templar x2  
  148  11:39  Zealot x3  
  158  11:42  Archon  
  158  11:47  Pylon  
  158  12:15  Pylon  
  158  12:19  High Templar x2  
  158  12:20  Zealot x2  
  158  12:21  Pylon  
  166  12:23  Photon Cannon  
  166  12:26  Archon  
  166  12:40  Zealot  
  166  12:41  Dark Shrine  
  168  12:44  Immortal  
  172  13:10  High Templar x2  
  176  13:14  Pylon  
  176  13:16  Pylon, Archon  
  176  13:34  Protoss Shields Level 1  
  176  13:35  Nexus  
  174  13:51  High Templar x2  
  177  13:56  Archon  
  177  13:57  Pylon  
  177  13:59  Photon Cannon  
  177  14:11  Nexus  
  176  14:35  Observer  
  174  14:42  Nexus  
  172  14:51  Dark Templar x2  
  172  14:52  Dark Templar x2  
  178  14:56  Archon  
  178  14:57  Archon  
  178  14:59  Pylon  
  178  15:12  Dark Templar x2  
  182  15:18  Archon  
  180  15:37  Zealot x2  
  184  15:47  Zealot  
  136  15:51  Observer  
  106  16:03  Zealot x2  
  96  16:05  Observer  
  96  16:06  Probe  
Show
View Real Time Build Order
Export as new Build Order

ShoWTimE Protoss 

Build Orders: Oracle Opening 

Get SALT Encoding   

  12  0:00  Probe  
  13  0:12  Probe  
  14  0:17  Pylon  
  14  0:24  Probe  
  15  0:32  Probe  
  15  0:38  Gateway  
  15  0:40  Probe  
  16  0:46  Assimilator  
  17  0:51  Probe  
  17  0:55  Assimilator  
  18  0:59  Probe  
  19  1:07  Probe  
  20  1:14  Gateway  
  20  1:17  Probe  
  20  1:25  Cybernetics Core  
  21  1:29  Probe  
  22  1:35  Pylon  
  22  1:41  Probe  
  23  2:01  Stargate  
  23  2:03  Adept x2  
  27  2:10  Warp Gate  
  27  2:11  Probe  
  28  2:17  Pylon  
  28  2:34  Oracle  
  30  2:52  Nexus  
  30  2:55  Probe  
  31  3:02  Oracle  
  31  3:10  Probe  
  35  3:17  Stalker  
  37  3:25  Probe  
  37  3:26  Pylon  
  38  3:37  Probe  
  39  3:44  Oracle  
  42  3:49  Probe  
  43  3:58  Stalker  
  43  4:01  Probe  
  46  4:08  Probe  
  46  4:09  Stalker  
  49  4:13  Probe  
  50  4:20  Probe  
  48  4:27  Adept  
  50  4:36  Shield Battery  
  48  4:44  Probe  
  49  4:50  Stalker  
  51  4:53  Adept  
  51  4:55  Probe  
  51  4:57  Probe  
  53  5:07  Probe  
  53  5:09  Probe  
  53  5:18  Stalker x2, Probe  
  53  5:20  Probe  
  52  5:26  Probe  
  52  5:28  Probe  
  47  5:34  Forge  
  49  5:36  Probe  
  49  5:37  Probe  
  51  5:45  Protoss Ground Weapons Level 1  
  51  5:49  Probe x2  
  52  5:50  Sentry  
  52  5:51  Robotics Facility  
  55  5:57  Probe  
  55  6:00  Assimilator  
  55  6:01  Probe  
  57  6:04  Assimilator  
  57  6:06  Probe  
  58  6:13  Probe  
  58  6:18  Probe  
  60  6:19  Pylon  
  60  6:20  Pylon  
  60  6:24  Twilight Council  
  60  6:30  Adept  
  62  6:37  Gateway  
  62  6:38  Observer, Gateway  
  63  6:40  Adept  
  63  6:43  Pylon  
  65  6:52  Gateway x2  
  65  7:00  Immortal  
  69  7:08  Charge  
  69  7:14  Gateway  
  69  7:16  Protoss Ground Weapons Level 2  
  69  7:18  Templar Archives  
  67  7:34  Pylon  
  67  7:37  Zealot x2  
  67  7:40  Immortal  
  67  7:41  Gateway  
  73  8:00  Gateway  
  73  8:02  Gateway  
  73  8:04  Pylon, High Templar x2  
  77  8:09  Zealot x3, Archon  
  83  8:13  Pylon  
  83  8:20  Warp Prism  
  83  8:25  Pylon  
  85  8:38  High Templar x2  
  89  8:41  Nexus  
  89  8:43  Archon  
  89  8:44  Pylon  
  89  8:48  Zealot x2  
  93  8:54  Photon Cannon  
  93  9:04  High Templar x2  
  93  9:07  Pylon  
  93  9:08  Archon  
  97  9:12  Zealot x2  
  97  9:16  Zealot  
  103  9:29  High Templar x2, Zealot  
  109  9:33  Pylon  
  109  9:34  Archon  
  109  9:38  Zealot x3  
  115  9:49  Zealot  
  115  9:50  Zealot  
  119  9:56  Zealot  
  121  10:04  High Templar x2, Zealot  
  121  10:05  Zealot x2  
  131  10:09  Archon  
  131  10:13  Zealot x2  
  135  10:23  Zealot  
  135  10:28  High Templar x2, Zealot  
  141  10:32  Archon  
  141  10:35  Zealot x2  
  147  10:43  Pylon  
  147  10:44  Pylon  
  147  10:46  Pylon  
  129  10:52  Zealot x2  
  129  10:57  Pylon  
  133  11:04  Pylon  
  133  11:15  High Templar x2  
  133  11:16  Zealot x2, Pylon  
  141  11:19  Archon  
  141  11:22  Zealot x3  
  141  11:25  Zealot  
  149  11:36  Pylon  
  149  11:37  Pylon  
  149  11:48  Pylon  
  149  11:51  Pylon  
  149  11:53  Pylon  
  149  11:59  High Templar x4  
  157  12:03  Archon  
  157  12:10  Pylon, Archon  
  157  12:11  Pylon, Zealot x2  
  157  12:14  Pylon  
  161  12:21  Pylon  
  157  12:40  Pylon  
  157  12:44  Nexus  
  157  13:09  High Templar x2  
  161  13:13  Pylon  
  161  13:14  Archon  
  161  13:16  High Templar x2  
  165  13:20  Archon  
  165  13:32  Pylon  
  165  13:40  Phoenix  
  167  13:49  Observer  
  167  13:50  Forge  
  167  13:53  Protoss Shields Level 1  
  167  13:57  Zealot x2  
  172  14:07  High Templar x4  
  180  14:12  Archon  
  180  14:19  Archon  
  180  14:27  Zealot x3  
  186  14:40  Zealot x4  
  194  14:59  Photon Cannon  
  194  15:01  Photon Cannon  
  194  15:14  Zealot x2  
  194  15:15  Zealot  
  198  15:25  Observer  
  197  15:30  Zealot  
  199  15:37  Zealot x2  
  194  15:43  Zealot x4  
  194  15:47  Zealot  
  194  15:48  Observer  
  141  15:51  Zealot  
  113  15:59  Zealot x2  
  113  16:04  Zealot x3  
  91  16:09  Zealot x2  
Tags
 
Add a new tag
Caveats
  • Supply blocks, unpowered buildings, or Contaminate may cause inaccurate times.
  • Supply counts are checked every 10 seconds.